 Dungeon Crawl Stone Soup version 0.31-a0-1611-g890cdf5628 (webtiles) character file.

Game seed: 12263096687177740204

4986 pokeman the Thaumaturge (level 10, -1/56 HPs)
             Began as a Deep Elf Hedge Wizard on Jan 8, 2024.
             Was a Believer of Vehumet.
             Slain by a gnoll
             ... wielding a +0 flail
             ... led by a gnoll sergeant
              (6 damage)
             ... on level 9 of the Dungeon.
             The game lasted 00:26:48 (10122 turns).

pokeman the Thaumaturge (Deep Elf Hedge Wizard)    Turns: 10122, Time: 00:26:49

Health: -1/56      AC:  9    Str:  9    XL:     10   Next: 29%
Magic:  21/29      EV: 12    Int: 26    God:    Vehumet [**....]
Gold:   697        SH:  0    Dex: 17    Spells: 18/35 levels left

rFire   . . .        v - +2 dagger (venom)
rCold   . . .        (no shield)
rNeg    . . .        G - +1 leather armour "Vemonoob" {rElec Str+2 Int+2 Slay-2}
rPois   .            I - +2 helmet
rElec   +            y - +0 cloak
rCorr   +            k - +0 pair of gloves {Dex+3}
SInv    .            (no boots)
Will    +....        (no amulet)
Stlth   ++           D - ring of resist corrosion
HPRegen 0.29/turn    (no ring)
MPRegen 0.21/turn

%: no passive effects
@: no status effects
A: no striking features
a: Renounce Religion


You were on level 9 of the Dungeon.
You worshipped Vehumet.
Vehumet was pleased with you.
You visited 1 branch of the dungeon, and saw 9 of its levels.
You also visited: Ossuary.

You collected 697 gold pieces.

Inventory:

Hand Weapons
 v - a +2 dagger of venom (weapon)
Armour
 k - a +0 pair of gloves of dexterity (worn)
 t - an orb of light
 w - a +2 robe of fire resistance
 y - a +0 cloak (worn)
 G - the +1 leather armour "Vemonoob" (worn) {rElec Str+2 Int+2 Slay-2}
   (You found it on level 7 of the Dungeon)

   Str+2:     It affects your strength (+2).
   Int+2:     It affects your intelligence (+2).
   Slay-2:    It affects your accuracy & damage with ranged weapons and melee
   (-2).
   rElec:     It insulates you from electricity.
 I - a +2 helmet (worn)
Jewellery
 D - a ring of resist corrosion (left hand)
Wands
 b - a wand of paralysis (7)
 B - a wand of roots (24)
Scrolls
 a - a scroll of acquirement {unknown}
 e - 4 scrolls of immolation {unknown}
 f - a scroll of noise {unknown}
 g - 2 scrolls of revelation {unknown}
 h - 5 scrolls of identify {unknown}
 i - a scroll of summoning {unknown}
 o - 2 scrolls of vulnerability {unknown}
 p - a scroll of enchant weapon {unknown}
 r - 4 scrolls of fear {unknown}
 s - 4 scrolls of poison {unknown}
 u - 2 scrolls of enchant armour {unknown}
 H - a scroll of blinking {unknown}
Potions
 d - a potion of magic
 j - 6 potions of heal wounds {unknown}
 l - 2 potions of cancellation {unknown}
 m - 3 potions of resistance {unknown}
 n - 2 potions of attraction {unknown}
 q - 3 potions of mutation {unknown}
 x - 4 potions of curing {unknown}
 z - 2 potions of haste {unknown}
 A - 3 potions of enlightenment {unknown}
 C - 3 potions of brilliance {unknown}
 E - 2 potions of degeneration {unknown}
 F - a potion of might {unknown}


   Skills:
 - Level 4.0 Fighting
 + Level 3.3 Armour
 - Level 3.0 Dodging
 - Level 3.1 Stealth
 * Level 13.0 Spellcasting
 + Level 7.3 Conjurations
 - Level 1.1 Summonings
 - Level 1.1 Translocations
 + Level 5.6 Fire Magic
 - Level 1.0 Air Magic
 - Level 4.0 Earth Magic
 - Level 1.2 Alchemy
 - Level 1.2 Evocations


You had 18 spell levels left.
You knew the following spells:

 Your Spells              Type           Power      Damage    Failure   Level
a - Magic Dart            Conj           100%       1d8       1%          1
b - Mephitic Cloud        Conj/Alch/Air  33%        N/A       3%          3
c - Call Imp              Summ           44%        N/A       4%          2
d - Blink                 Tloc           44%        N/A       4%          2
e - Foxfire               Conj/Fire      100%       2x1d9     1%          1
f - Fireball              Conj/Fire      25%        3d11      9%          5
g - Stone Arrow           Conj/Erth      92%        3d12      1%          3

Your spell library contained the following spells:

 Spells                   Type           Power      Damage    Failure   Level
 Scorch                   Fire           92%        2d8       1%          2
 Shock                    Conj/Air       100%       1d9       1%          1
 Sting                    Conj/Alch      100%       1d9       1%          1
 Apportation              Tloc           44%        N/A       3%          1
 Summon Small Mammal      Summ           88%        N/A       3%          1
 Hailstorm                Conj/Ice       36%        3d9       3%          3
 Freeze                   Ice            64%        1d7       4%          1
 Necrotise                Necr           64%        1d7       4%          1
 Slow                     Hex            64%        N/A       4%          1
 Cigotuvi's Dreadful Rot  Necr/Alch/Air  40%        N/A       5%          2
 Gell's Gravitas          Tloc           22%        N/A       9%          3
 Swiftness                Air            22%        N/A       9%          3
 Teleport Other           Tloc           22%        N/A       9%          3
 Sticky Flame             Fire/Alch      34%        2d7       11%         4
 Confusing Touch          Hex            16%        N/A       14%         3
 Frozen Ramparts          Ice            32%        1d5       14%         3
 Sigil of Binding         Hex            16%        N/A       14%         3
 Tukima's Dance           Hex            16%        N/A       14%         3
 Vampiric Draining        Necr           16%        2d7       14%         3
 Passage of Golubria      Tloc           22%        N/A       28%         4
 Airstrike                Air            11%        2d(2-18)  30%         4
 Cause Fear               Hex            8%         N/A       41%         4
 Yara's Violent Unravell  Hex/Alch       10%        3d6       69%         5
 Dispersal                Tloc           11%        N/A       99%         6
 Dragon's Call            Summ           11%        N/A       100%        9


Dungeon Overview and Level Annotations

Branches:
Dungeon (9/15)             Temple (0/1) D:6         Ossuary (visited)
   Lair: D:8-11         Orc: D:9-12

Altars:
Ashenzari
Gozag
Hepliaklqana
Ru
Sif Muna
Trog
Vehumet
Wu Jian
Xom

Shops:
D:4 :

Annotations:
D:5 2 runed translucent doors, Sabo's ghost, novice GnMo


Message History

Unknown command.
Casting: Mephitic Cloud (dangerous; 3% risk of failure)
Confirm with . or Enter, or press ? or * to list all spells.
You can't see any susceptible monsters within range! (Use Z to cast anyway.)
A gnoll comes into view. It is wielding a +0 flail.
Casting: Mephitic Cloud (dangerous; 3% risk of failure)
Confirm with . or Enter, or press ? or * to list all spells.
You conjure some foxfire!
You hear some strange, mumbled words.
You are confused.
Unknown command.
The foxfire hits something but does no damage. x2
Unknown command.
You're too confused to move!
Unknown command.
A gnoll sergeant comes into view. It is wielding a +0 spear of freezing.
The gnoll sergeant shouts!
Something completely misses you. x2
Unknown command.
A gnoll comes into view. It is wielding a +0 spear.
The gnoll shouts!
The killer bee seems less confused.
Something draws life force from you!!
* * * LOW HITPOINT WARNING * * *
Unknown command.
A gnoll comes into view. It is wielding a +0 spear.
The gnoll shouts!
The gnoll attacks as it pursues you! The gnoll misses you.
The killer bee completely misses you.
A gnoll comes into view. It is wielding a +0 flail.
You're too confused to move!
You feel less confused. The killer bee barely misses you.
The killer bee stings you but does no damage.
The gnoll misses you. Something hits you but does no damage.
Something bites you but does no damage. The killer bee closely misses you.
The killer bee stings you but does no damage.
You closely miss something.
The killer bee stings you but does no damage.
The killer bee closely misses you. The gnoll hits you with a +0 flail.
You die...

#... #...# ....#
###....# #......#
#......# #
####.....#...
#.@..........
###yyg...#.#..
##..g....##
.#y.....#.#
.g......#.# ...
.##g.D....#†# ...
.........#.# ....
.g....>....#
.....#..........#


You could see a steam dragon (confused), a gnoll sergeant, 3 killer bees and 4
gnolls.

Vanquished Creatures
  Pikel (D:4)
  7 yaks (D:6)
  Edmund (D:4)
  A water moccasin (D:6)
  3 orc warriors
  3 sky beasts
  A black bear (D:5)
  An ice beast (D:5)
  2 ogres
  4 centaurs
  4 lemures (D:4)
  A phantom (D:5)
  2 kobold brigands (D:8)
  2 bullfrogs
  A gnoll sergeant (D:8)
  2 scorpions
  7 killer bees
  4 howler monkeys
  2 bombardier beetles
  2 hounds (D:7)
  2 jellies
  5 orc priests
  2 iguanas
  6 orc wizards
  6 sleepcaps
  8 mummies (Ossuary)
  7 gnolls
  6 adders
  A shadow imp (D:8)
  A ribbon worm zombie (D:7)
  2 white imps
  2 ufetubi (D:7)
  3 ribbon worms
  2 dart slugs
  25 orcs
  8 ball pythons
  11 endoplasms
  4 giant cockroaches
  A gnoll zombie (Ossuary)
  8 hobgoblins
  5 jackals (D:5)
  A quokka (D:1)
  8 bats
  5 frilled lizards
  10 goblins
  4 hobgoblin zombies (Ossuary)
  18 kobolds
  A kobold zombie (Ossuary)
  2 orc zombies (Ossuary)
  8 rats
223 creatures vanquished.

Vanquished Creatures (collateral kills)
  8 foxfires (D:4)
8 creatures vanquished.

Vanquished Creatures (others)
  734 foxfires
734 creatures vanquished.

Grand Total: 965 creatures vanquished

Notes
Turn   | Place    | Note
-------+----------+-------------------------------------------
     0 | D:1      | pokeman the Deep Elf Hedge Wizard began the quest for the
                  | Orb.
     0 | D:1      | Reached XP level 1. HP: 10/10 MP: 7/7
   200 | D:1      | Reached XP level 2. HP: 16/16 MP: 0/9
   463 | D:1      | Reached skill level 5 in Spellcasting
   818 | D:1      | Reached XP level 3. HP: 20/20 MP: 8/11
   824 | D:1      | Learned a level 3 spell: Mephitic Cloud
   827 | D:1      | Learned a level 2 spell: Call Imp
   830 | D:1      | Learned a level 2 spell: Blink
  1068 | D:1      | Got the Omnibus of Dynamic Toxicants
  1071 | D:1      | Learned a level 1 spell: Foxfire
  1075 | D:1      | Learned a level 3 spell: Stone Arrow
  1331 | D:2      | HP: 1/20 [gnoll/+0 spear (5)]
  1332 | D:2      | Reached skill level 1 in Fighting
  1332 | D:2      | Reached skill level 1 in Armour
  1665 | D:2      | Reached XP level 4. HP: 25/25 MP: 3/13
  1780 | D:2      | Reached skill level 6 in Spellcasting
  1780 | D:2      | Reached XP level 5. HP: 29/29 MP: 1/15
  1992 | D:2      | Found a shimmering altar of Xom.
  3734 | D:3      | Noticed an ogre
  3746 | D:3      | Killed an ogre
  3747 | D:3      | Reached skill level 1 in Fire Magic
  3747 | D:3      | Reached skill level 1 in Earth Magic
  3747 | D:3      | Reached skill level 1 in Alchemy
  3747 | D:3      | Reached XP level 6. HP: 34/34 MP: 9/17
  3843 | D:3      | Found a bloodstained altar of Trog.
  3931 | D:3      | Reached skill level 1 in Air Magic
  4418 | D:4      | Reached skill level 7 in Spellcasting
  4576 | D:4      | Found Kuulyo's Vocational Training.
  4647 | D:4      | Found an ornate altar of the Wu Jian Council.
  4671 | D:4      | Noticed Pikel
  4703 | D:4      | Killed Pikel
  4704 | D:4      | Reached skill level 8 in Spellcasting
  4704 | D:4      | Reached XP level 7. HP: 12/40 MP: 4/20
  4899 | D:4      | Noticed Edmund
  4941 | D:4      | Killed Edmund
  4942 | D:4      | Reached XP level 8. HP: 41/45 MP: 2/22
  5379 | D:5      | Entered Level 5 of the Dungeon
  5451 | D:5      | Reached skill level 9 in Spellcasting
  5536 | D:5      | Reached skill level 1 in Evocations
  5579 | D:5      | Found a shimmering blue altar of Sif Muna.
  5677 | D:5      | Found a radiant altar of Vehumet.
  5677 | D:5      | Found an opulent altar of Gozag.
  5713 | D:5      | Became a worshipper of Vehumet
  5953 | D:5      | Reached skill level 5 in Conjurations
  5964 | D:5      | Reached skill level 10 in Spellcasting
  6132 | D:5      | Found a large runed translucent door.
  6132 | D:5      | Found a large runed translucent door.
  6135 | D:5      | Noticed Sabo's ghost (novice GnMo)
  6196 | D:5      | Found a shimmering altar of Xom.
  6696 | D:6      | Found a sacrificial altar of Ru.
  6706 | D:6      | Learned a level 5 spell: Fireball
  6737 | D:6      | Reached XP level 9. HP: 49/49 MP: 21/25
  6755 | D:6      | Reached skill level 11 in Spellcasting
  7042 | D:6      | Reached * piety under Vehumet
  7042 | D:6      | Offered knowledge of Shock by Vehumet.
  7190 | D:6      | Found a broken altar of Ashenzari.
  7236 | D:6      | Found a staircase to the Ecumenical Temple.
  7567 | D:7      | Reached skill level 12 in Spellcasting
  7639 | D:7      | Found a sand-covered staircase.
  7648 | Ossuary  | Entered an ossuary
  7880 | Ossuary  | Reached skill level 5 in Fire Magic
  8161 | D:7      | Identified the +1 leather armour "Vemonoob" {rElec Str+2
                  | Int+2 Slay-2}
  8557 | D:7      | Offered knowledge of Momentum Strike by Vehumet.
  8580 | D:7      | Reached ** piety under Vehumet
  8587 | D:7      | Reached XP level 10. HP: 56/56 MP: 17/28
  9172 | D:8      | Found a hazy altar of Hepliaklqana.
  9949 | D:8      | Reached skill level 13 in Spellcasting
 10103 | D:9      | Offered knowledge of Scorch by Vehumet.
 10122 | D:9      | Slain by a gnoll

Illustrated notes

Levels and vault maps discovered:
D:1:      eino_arrival_druids_welcome, layout_basic, serial_bayou_pond_e,
          minmay_misc_feat_alley, st_stairs_1, minmay_quantized
D:2:      layout_basic, basic_altar
D:3:      layout_basic, bloody_trog, kennysheep_flooded_box
D:4:      layout_basic, nzn_wu_jian_contemplation, serial_bayou,
          serial_bayou_crossing, serial_bayou_lagoon_b, serial_bayou_shore_b,
          serial_bayou_ford_a, nicolae_shop_vocational, uniq_edmund, uniq_pikel
D:5:      layout_cave_pools, mainiacjoe_overflow_small_starburst,
          jmf_multi_god_temple, mainiacjoe_overflow_catwalk,
          ebering_ghost_disaster_area
D:6:      layout_cave_pools, marbit_many_paths, nicolae_overflow_hidden_temple,
          temple_doors_e, minmay_misc_feat_diagonals,
          chequers_serial_rivers_micro_a
D:7:      layout_loops_corners, enter_ossuary_3, kennysheep_generic_room_10
D:8:      layout_gridville, lemuel_coloured_pillars_altar
D:9:      layout_rooms, mainiacjoe_overflow_cross_hatched,
          nicolae_uskayaw_murder_on_the_dancefloor, kennysheep_okawaru_gauntlet,
          slow_altar_1, tgw_fedhas

Skill      XL: |  1  2  3  4  5  6  7  8  9 10 |
---------------+-------------------------------+-----
Spellcasting   | 5 6 8 10 12 13 | 13.0
Fighting       | 1 2 3 4 |  4.0
Armour         | 1 2 3 |  3.3
Conjurations   | 2 3 4 5 6 7 |  7.3
Stealth        | 3 |  3.1
Dodging        | 3 |  3.0
Fire Magic     | 1 3 5 |  5.6
Earth Magic    | 1 3 4 |  4.0
Alchemy        | 1 |  1.2
Air Magic      | 1 |  1.0
Evocations     | 1 |  1.2
Summonings     | |  1.1
Translocations | |  1.1

Action                     |  1- 3 |  4- 6 |  7- 9 | 10-12 || total
---------------------------+-------+-------+-------+-------++-------
  Melee: Dagger            |     9 |    22 |    23 |    14 ||    68
         Short sword       |     1 |     1 |       |       ||     2
         Whip              |       |    14 |       |       ||    14
   Cast: Magic Dart        |    77 |    19 |     6 |       ||   102
         Foxfire           |    25 |   116 |   207 |    66 ||   414
         Mephitic Cloud    |     1 |     5 |     8 |     5 ||    19
         Blink             |     1 |     1 |     2 |     1 ||     5
         Stone Arrow       |       |       |    32 |     7 ||    39
         Call Imp          |       |       |     1 |       ||     1
         Fireball          |       |       |       |     1 ||     1
   Stab: Confused          |     1 |     5 |     1 |     1 ||     8
 Armour: Robe              |    13 |    14 |    26 |       ||    53
         Leather armour    |       |       |       |    37 ||    37
  Dodge: Dodged            |    18 |    19 |    31 |    46 ||   114

Table legend: (Time is in decaauts)
 A = Elapsed time spent in this place.
 B = Non-inter-level travel time spent in this place.
 C = Inter-level travel time spent in this place.
 D = Time resting spent in this place.
 E = Time spent auto-exploring this place.
 F = Levels seen in this place.
 G = Mean time per level.
                   A        B        C        D        E       F      G
               +--------+--------+--------+--------+--------+-----+--------+
         Total |  10162 |   9950 |    212 |    258 |   8074 |  10 | 1016.2 |
       Dungeon |   9749 |   9537 |    212 |    258 |   7751 |   9 | 1083.2 |
       Ossuary |    412 |    412 |      0 |      0 |    323 |   1 |  412.0 |
               +--------+--------+--------+--------+--------+-----+--------+

Top non-repeatable levels by time:
     D:2: 1472 daAuts
     D:1: 1429 daAuts
     D:3: 1425 daAuts
     D:8: 1301 daAuts
     D:4: 1093 daAuts
     D:7: 1038 daAuts
     D:5: 1013 daAuts
     D:6: 950 daAuts
 Ossuary: 412 daAuts
     D:9: 25 daAuts
